 Dungeon Crawl Stone Soup version 0.22.1-57-g7394efd48c (webtiles) character file.

13974 Pocketmage the Grappler (level 11, -2/98 HPs)
             Began as a Troll Monk on Mar 10, 2019.
             Was a High Priest of Hepliaklqana.
             Slain by an unseen horror (10 damage)
             ... on level 12 of the Dungeon.
             The game lasted 00:47:17 (9061 turns).

Pocketmage the Grappler (Troll Monk)                Turns: 9061, Time: 00:47:17

Health: -2/98      AC:  7    Str: 23    XL:     11   Next: 82%
Magic:  14/14      EV: 12    Int:  6    God:    Hepliaklqana [*****.]
Gold:   593        SH:  9    Dex: 13    Spells: 9/10 levels left

rFire    + . .     SeeInvis .     - Unarmed
rCold    . . .     Gourm    +   B - +0 shield
rNeg     . . .     Faith    .   M - +0 troll leather armour
rPois    +         Spirit   .   (helmet restricted)
rElec    .         Reflect  .   (no cloak)
rCorr    .         Harm     .   (gloves unavailable)
MR       +....                  (boots unavailable)
Stlth    +.........             (no amulet)
HPRegen  1.06/turn              a - ring "Qinuwu" {rF+ MR+}
MPRegen  0.14/turn              f - ring of poison resistance

@: no status effects
A: large, unfitting armour, reduced essence, claws 3, fast metabolism 3,
gourmand, regeneration 1, shaggy fur 1, tough skin 2
a: Recall Ancestor, Ancestor Identity, Transference, Idealise, Renounce Religion


You were on level 12 of the Dungeon.
You worshipped Hepliaklqana.
Hepliaklqana was extremely pleased with you.
You were completely stuffed.

You visited 1 branch of the dungeon, and saw 12 of its levels.
You also visited: Sewer.

You collected 752 gold pieces.
You spent 159 gold pieces at shops.

Inventory:

Hand Weapons
 w - a +0 blowgun
 O - the +7 scimitar of the Omega Point {speed, +Fly rElec rPois Dex+6}
   (You found it on level 11 of the Dungeon)

   Attacks with this weapon are significantly faster.
   It affects your dexterity (+6).
   It insulates you from electricity.
   It protects you from poison.
   It lets you fly.
Missiles
 v - 5 curare-tipped needles
 x - 47 poisoned needles
 K - 2 throwing nets (quivered)
Armour
 i - a +2 cloak
 B - a +0 shield (worn)
 C - a +1 robe of positive energy
 J - a +0 robe of magic resistance
 M - a +0 troll leather armour (worn)
Jewellery
 a - the ring "Qinuwu" (left claw) {rF+ MR+}
   (You found it on level 6 of the Dungeon)

   [ring of protection from fire]

   It protects you from fire.
   It affects your resistance to hostile enchantments.
 f - a ring of poison resistance (right claw)
 o - an uncursed ring of protection from cold
 P - an uncursed ring of protection from cold
Wands
 t - a wand of iceblast (33)
 y - a wand of paralysis (9)
 A - a wand of acid (6)
 Q - a wand of digging (16)
Scrolls
 c - 2 scrolls of identify
 d - 4 scrolls of amnesia
 h - 2 scrolls of fear
 m - a scroll of noise {unknown}
 n - 6 scrolls of remove curse
 s - 12 scrolls of teleportation
 u - a scroll of immolation {unknown}
 F - a scroll of fog {unknown}
 G - a scroll of brand weapon {unknown}
 H - a scroll of holy word {unknown}
 I - a scroll of vulnerability {unknown}
Potions
 e - 8 potions of flight
 g - 2 potions of cancellation
 j - 2 potions of mutation
 k - 4 potions of curing
 l - 2 potions of agility
 p - 2 potions of invisibility
 q - 2 potions of magic
 r - a potion of brilliance
 z - 2 potions of might
 E - 2 potions of lignification
 L - 2 potions of haste
 N - a potion of ambrosia
Comestibles
 b - 26 rations
 D - a chunk of flesh


   Skills:
 + Level 7.3 Fighting
 + Level 7.3 Dodging
 - Level 1.0 Stealth
 + Level 4.3 Shields
 * Level 11.6 Unarmed Combat
 + Level 3.8 Hexes
 + Level 6.1 Invocations


You had 9 spell levels left.
You knew the following spells:

 Your Spells              Type           Power        Failure   Level  Hunger
a - Confusing Touch       Hex            #.....       32%         1    ##.....

Your spell library contained the following spells:

 Spells                   Type           Power        Failure   Level  Hunger
 Corona                   Hex            #......      32%         1    ##.....
 Confuse                  Hex            #.......     67%         3    ####...
 Tukima's Dance           Hex            #.......     67%         3    ####...
 Ensorcelled Hibernation  Hex/Ice        #.....       71%         2    ###....
 Magic Dart               Conj           #...         83%         1    ##.....
 Dazzling Spray           Conj/Hex       #.....       91%         3    ####...
 Searing Ray              Conj           #.....       93%         2    ###....
 Gell's Gravitas          Tloc           #.........   99%         3    ####...
 Force Lance              Conj/Tloc      #.......     100%        4    #####..
 Fulminant Prism          Conj/Hex       #.........   100%        4    #####..
 Iskenderun's Mystic Bla  Conj           #.......     100%        4    #####..
 Petrify                  Tmut/Erth      #.......     100%        4    #####..
 Metabolic Englaciation   Hex/Ice        #.........   100%        5    ######.
 Yara's Violent Unravell  Hex/Tmut       #.........   100%        5    ######.


Dungeon Overview and Level Annotations

Branches:
Dungeon (12/15)            Temple (0/1) D:5            Lair (0/6) D:9
    Orc: D:9-12

Altars:
Fedhas
Gozag
Hepliaklqana
Nemelex Xobeh
Ru
Trog
Uskayaw
Wu Jian
Xom
The Shining One

Shops:
D:6 =%[[:   D:7 %[**}   D:11 (


Innate Abilities, Weirdness & Mutations

You are too large for most types of armour.
You have claws for hands.
Your metabolism is lightning-fast.
You like to eat raw meat.
Your natural rate of healing is unusually fast.
You are covered in fur. (AC +1)
You have very tough skin. (AC +2)
Your life essence is reduced to manifest your ancestor. (-10% HP)


Message History

* * * LOW HITPOINT WARNING * * *
Something hits you but does no damage.
You miss something. Something hits you.
* * * LOW HITPOINT WARNING * * *
A crocodile comes into view.
Something hits you but does no damage. Something hits you but does no damage.
You see here a vampire mosquito corpse.
Something hits you.
* * * LOW HITPOINT WARNING * * *
You scratch something. Something hits you.
* * * LOW HITPOINT WARNING * * *
Something hits you!
* * * LOW HITPOINT WARNING * * *
Something hits you.
* * * LOW HITPOINT WARNING * * *
Something hits you.
* * * LOW HITPOINT WARNING * * *
Something hits you!
You die...

.##.#.......)....#######
#..#....########.# #....
.##.....#...# #.# #.###
....P...#...# #.# #.#
............# #.# #.#
#######......# #.# #.#
#......# #.# #.#
#.....## #.# #.# #.@[..#
#.###.# ##.....# #.....#
#).....# #######
#)†.)..# #.t....#
#...†..# #......#
.o.>.........#
#o............#


You could see a crocodile.

Vanquished Creatures
  An unseen horror (D:6)
  3 ugly things (D:12)
  2 cyclopes (D:11)
  A manticore (D:12)
  A centaur zombie (D:11)
  Maurice (D:12)
  A gargoyle (D:10)
  2 centaur skeletons (D:12)
  A merfolk (D:10)
  4 trolls
  4 hippogriffs
  5 yaks (D:9)
  A hungry ghost (D:11)
  2 basilisks (D:9)
  A vampire mosquito (D:12)
  3 orc warriors
  A water moccasin (D:11)
  6 ice beasts
  2 sky beasts
  2 black bears (D:11)
  A necrophage (D:11)
  4 phantoms
  4 ogres
  A centaur (D:9)
  5 bullfrogs
  7 big kobolds
  A water moccasin zombie (D:9)
  2 scorpions
  A water moccasin skeleton (D:6)
  8 killer bees
  8 wights (D:10)
  4 howler monkeys
  2 bullfrog zombies (D:10)
  5 crimson imps
  2 hounds
  A jelly (D:10)
  3 orc priests
  5 orc wizards
  Jessica (D:2)
  4 bullfrog skeletons
  A hexer (D:12)
  7 iguanas
  8 worker ants
  A worker ant zombie (D:6)
  A river rat (Sewer)
  15 adders
  2 shadow imps
  2 adder zombies
  An ooze (Sewer)
  An adder skeleton (D:6)
  3 worms
  2 dart slugs
  A leopard gecko (D:7)
  34 orcs
  5 giant cockroaches
  4 goblins
  6 hobgoblins
  11 jackals
  2 quokkas
  2 ball pythons
  8 bats
  6 frilled lizards
  14 kobolds
  A quokka skeleton (D:9)
  8 rats
259 creatures vanquished.

Vanquished Creatures (collateral kills)
  2 ugly things
  A yak (D:9)
  2 necrophages
  2 bullfrogs
  2 howler monkeys
  A bullfrog zombie (D:8)
  3 hounds
  An orc priest (D:5)
  4 orc wizards
  A worker ant (D:5)
  3 adders
  A dart slug (D:2)
  2 worms
  A leopard gecko (D:7)
  A jackal (D:3)
  A quokka (D:5)
  A goblin (D:2)
  2 kobolds (D:11)
  A butterfly (D:5)
32 creatures vanquished.

Vanquished Creatures (others)
  A bullfrog zombie (D:12)
  A plant (D:12)
  5 toadstools (D:1)
7 creatures vanquished.

Grand Total: 298 creatures vanquished

Notes
Turn   | Place    | Note
-------+----------+-------------------------------------------
     0 | D:1      | Pocketmage the Troll Monk began the quest for the Orb.
     0 | D:1      | Reached XP level 1. HP: 22/22 MP: 0/0
    86 | D:1      | Reached XP level 2. HP: 29/29 MP: 1/1
   365 | D:2      | Reached XP level 3. HP: 36/36 MP: 2/2
   369 | D:2      | Found a faded altar of an unknown god.
   409 | D:2      | Became a worshipper of Hepliaklqana the Forgotten
   409 | D:2      | Reached * piety under Hepliaklqana
   409 | D:2      | Reached ** piety under Hepliaklqana
   410 | D:2      | Remembered your ancestor Arammadara as a hexer
   597 | D:2      | Reached *** piety under Hepliaklqana
   667 | D:2      | Noticed Jessica
   672 | D:2      | Killed Jessica
   672 | D:2      | Reached skill level 4 in Unarmed Combat
   672 | D:2      | Reached XP level 4. HP: 39/39 MP: 3/3
   935 | D:3      | Found a glowing drain.
   985 | Sewer    | Entered a sewer
  1013 | Sewer    | Reached XP level 5. HP: 47/47 MP: 4/4
  1050 | Sewer    | Reached skill level 5 in Unarmed Combat
  1050 | Sewer    | Reached XP level 6. HP: 47/54 MP: 5/5
  1830 | D:4      | Reached skill level 6 in Unarmed Combat
  1863 | D:4      | Reached XP level 7. HP: 59/61 MP: 6/6
  2201 | D:4      | Found a bloodstained altar of Trog.
  2211 | D:4      | Found an ornate altar of the Wu Jian Council.
  2249 | D:4      | Found an opulent altar of Gozag.
  2291 | D:4      | Found a glowing golden altar of the Shining One.
  2462 | D:4      | Found a blossoming altar of Fedhas.
  2534 | D:4      | Reached **** piety under Hepliaklqana
  2566 | D:4      | Found a sparkling altar of Nemelex Xobeh.
  2677 | D:4      | Found a hide-covered altar of Uskayaw.
  2677 | D:4      | Found a shimmering altar of Xom.
  2831 | D:5      | Entered Level 5 of the Dungeon
  3469 | D:5      | Found a staircase to the Ecumenical Temple.
  3549 | D:5      | Reached skill level 7 in Unarmed Combat
  3820 | D:6      | Reached XP level 8. HP: 66/71 MP: 7/7
  3913 | D:6      | Found Ubol's Jewellery Boutique.
  3948 | D:6      | Reached skill level 1 in Invocations
  3955 | D:6      | Found Tychy's Food Shop.
  4015 | D:6      | Found Dioke's Antique Armour Emporium.
  4031 | D:6      | Bought an embroidered robe for 96 gold pieces
  4046 | D:6      | Got an ancient marble ring
  4052 | D:6      | Identified the ring "Qinuwu" {rF+ MR+} (You found it on
                  | level 6 of the Dungeon)
  4092 | D:6      | Found Lipyc's Book Boutique.
  4116 | D:6      | Found Susoip's Antique Armour Emporium.
  4262 | D:6      | Killed an unseen horror
  4262 | D:6      | Reached skill level 5 in Fighting
  4262 | D:6      | Reached skill level 5 in Dodging
  4262 | D:6      | Reached skill level 8 in Unarmed Combat
  4615 | D:7      | Reached XP level 9. HP: 70/79 MP: 10/10
  4622 | D:7      | Found Aqoent's Food Shop.
  4715 | D:7      | Learned a level 1 spell: Confusing Touch
  4869 | D:7      | Reached skill level 9 in Unarmed Combat
  4900 | D:7      | Found Olohischonic's Armour Shop.
  4965 | D:7      | Found Faarah's Assorted Antiques.
  4968 | D:7      | Bought a +0 shield for 63 gold pieces
  5026 | D:7      | Reached ***** piety under Hepliaklqana
  5062 | D:7      | Reached skill level 1 in Hexes
  5133 | D:7      | Found Netrax's General Store.
  5193 | D:7      | Noticed a troll
  5199 | D:7      | Killed a troll
  5204 | D:7      | Found Weommyge's Gadget Shop.
  5224 | D:7      | Reached skill level 1 in Shields
  6069 | D:9      | Reached XP level 10. HP: 82/88 MP: 12/12
  6156 | D:9      | Reached skill level 10 in Unarmed Combat
  6303 | D:9      | Found a sacrificial altar of Ru.
  6827 | D:9      | Found a staircase to the Lair.
  6994 | D:10     | Entered Level 10 of the Dungeon
  7070 | D:10     | Reached skill level 5 in Invocations
  7077 | D:10     | Noticed a gargoyle
  7090 | D:10     | Killed a gargoyle
  7726 | D:10     | Reached XP level 11. HP: 87/95 MP: 13/13
  8131 | D:11     | Got a scorched scimitar
  8132 | D:11     | Identified the +7 scimitar of the Omega Point {speed, +Fly
                  | rElec rPois Dex+6} (You found it on level 11 of the
                  | Dungeon)
  8264 | D:11     | Reached skill level 11 in Unarmed Combat
  8398 | D:11     | Noticed a white ugly thing
  8414 | D:11     | Killed a white ugly thing
  8440 | D:11     | Found Suuwun's Weapon Shoppe.
  8719 | D:12     | Noticed a green ugly thing
  8724 | D:12     | Noticed a purple ugly thing
  8732 | D:12     | Killed a green ugly thing
  8743 | D:12     | Killed a green ugly thing
  8977 | D:12     | Noticed a green ugly thing
  8983 | D:12     | Killed a green ugly thing
  8986 | D:12     | Noticed a purple ugly thing
  9006 | D:12     | Killed a purple ugly thing
  9030 | D:12     | Killed Maurice
  9061 | D:12     | Slain by an unseen horror

Skill      XL: |  1  2  3  4  5  6  7  8  9 10 11 |
---------------+----------------------------------+-----
Unarmed Combat | 4 5 6 7 8 9 10 11 | 11.6
Dodging        | 3 4 5 6 7 |  7.3
Fighting       | 3 4 5 6 7 |  7.3
Invocations    | 2 4 5 6 |  6.1
Hexes          | 1 3 |  3.8
Shields        | 1 3 4 |  4.3
Stealth        | |  1.0

Action                   |  1- 3 |  4- 6 |  7- 9 | 10-12 || total
-------------------------+-------+-------+-------+-------++-------
Melee: Unarmed           |    74 |   124 |   290 |   418 ||   906
       Punch             |       |     2 |     6 |       ||     8
 Cast: Confusing Touch   |       |       |     2 |       ||     2
Invok: Ancestor Life: He |     1 |       |       |       ||     1
       Ancestor Identity |       |       |       |     1 ||     1
Evoke: Wand              |       |       |       |     1 ||     1
  Use: Scroll            |       |     1 |    13 |     8 ||    22
       Potion            |       |       |       |     6 ||     6
 Stab: Distracted        |     1 |     1 |     2 |     5 ||     9
       Sleeping          |       |       |     3 |     5 ||     8
       Confused          |       |       |     2 |       ||     2
       Paralysed         |       |       |       |     1 ||     1
  Eat: Chunk             |    12 |     9 |    41 |    32 ||    94
Armor: Robe              |    21 |    33 |    50 |    30 ||   134
       Troll leather arm |       |       |       |    47 ||    47
Dodge: Dodged            |    38 |    56 |   111 |   153 ||   358
Block: Shield            |       |       |    21 |   159 ||   180
